 Dungeon Crawl Stone Soup version 0.17-a0-1368-g6ab37f2 (webtiles) character file.

2058 nono the Spear-Bearer (level 9, -15/64 HPs)
             Began as a Merfolk Fighter on June 11, 2015.
             Was a Follower of the Shining One.
             Killed from afar by a gargoyle (19 damage)
             ... with a stone arrow
             ... on level 10 of the Dungeon.
             The game lasted 00:16:22 (6294 turns).

nono the Spear-Bearer (Merfolk Fighter)             Turns: 6294, Time: 00:16:23

Health: -15/64     AC:  6    Str: 16    XL:     9   Next: 25%
Magic:  9/9        EV:  9    Int: 10    God:    the Shining One [*.....]
Gold:   437        SH: 10    Dex: 16    Spells: 0 memorised, 8 levels left

rFire  . . .     SeeInvis +     a - +0 trident
rCold  . . .     Clarity  .     y - +2 leather armour "Casela" {+Fly Int+2 SInv}
rNeg   . . .     SustAt   .     c - +0 shield
rPois  .         Gourm    .     (no helmet)
rElec  .         Spirit   .     (no cloak)
rCorr  +         Warding  .     F - +0 pair of gloves
rMut   .         Stasis   .     (no boots)
MR     .....                    J - amulet of resist corrosion
Stlth  +.........               (no ring)
                                (no ring)

@: glowing, not resistant to hostile enchantments, very unstealthy
A: change form in water, swift swim
a: Renounce Religion, Evoke Flight


You were on level 10 of the Dungeon.
You worshipped the Shining One.
The Shining One was aware of your devotion.
You were hungry.

You visited 1 branch of the dungeon, and saw 8 of its levels.

You collected 437 gold pieces.

Inventory:

Hand weapons
 a - a +0 trident (weapon)
Armour
 b - a +0 scale mail
 c - a +0 shield (worn)
 t - a +1 leather armour of fire resistance
 y - the +2 leather armour "Casela" (worn) {+Fly Int+2 SInv}
   (You found it on level 5 of the Dungeon)

   It affects your intelligence (+2).
   It lets you see invisible.
   It lets you fly.
 C - a +0 large shield
 F - a +0 pair of gloves (worn)
Jewellery
 J - an amulet of resist corrosion (around neck)
Magical devices
 A - a wand of teleportation (4)
 G - a wand of heal wounds (5)
Scrolls
 g - 2 scrolls of recharging {unknown}
 h - a scroll of amnesia {unknown}
 i - 2 scrolls of remove curse
 j - 2 scrolls of teleportation {unknown}
 k - 2 scrolls of enchant weapon {unknown}
 l - a scroll of fog {unknown}
 m - 2 scrolls of fear {unknown}
 n - a scroll of enchant armour {unknown}
 p - 2 scrolls of random uselessness {unknown}
 r - a scroll of blinking {unknown}
 s - a scroll of identify
 w - 2 scrolls of magic mapping {unknown}
 B - a scroll of noise {unknown}
 D - a scroll of immolation {unknown}
 E - 3 scrolls of brand weapon {unknown}
 H - a scroll of vulnerability {unknown}
Potions
 d - 2 potions of might
 f - a potion of heal wounds
 q - a potion of flight
 u - a potion of cancellation
 x - a potion of magic
 z - a potion of haste
Books
 I - a book of Flames

   Spells                             Type                      Level
   a - Flame Tongue                   Conjuration/Fire             1
   b - Throw Flame                    Conjuration/Fire             2
   c - Conjure Flame                  Conjuration/Fire             3
   d - Inner Flame                    Hexes/Fire                   3
   e - Sticky Flame                   Conjuration/Fire             4
   f - Fireball                       Conjuration/Fire             5
Comestibles
 e - 3 bread rations
 o - 2 fruits
 v - a meat ration
 L - a beef jerky


   Skills:
 - Level 3.2 Fighting
 * Level 13.8 Polearms
 - Level 2.1 Armour
 + Level 7.0 Shields


You had 8 spell levels left.
You didn't know any spells.

Dungeon Overview and Level Annotations

Branches:
Dungeon (10/15)            Temple (0/1) D:4
   Lair: D:8-11         Orc: D:9-12

Altars:
Ashenzari
Elyvilon
Makhleb
Okawaru
Trog
Yredelemnul
The Shining One


Message History

You hit the gargoyle but do no damage.
The gargoyle is severely damaged.
You hit the gargoyle but do no damage.
The gargoyle is severely damaged.
The gargoyle closely misses you.
You hit the gargoyle but do no damage.
The gargoyle is severely damaged.
The gargoyle barely misses you.
You hit the gargoyle but do no damage.
The gargoyle is severely damaged.
You hit the gargoyle but do no damage.
The gargoyle is severely damaged.
The gargoyle hurls a stone arrow at you.
The stone arrow hits you!
* * * LOW HITPOINT WARNING * * *
You hit the gargoyle but do no damage.
The gargoyle is severely damaged.
The gargoyle hurls a stone arrow at you.
The stone arrow hits you!
You die...

#........... #...........
#.........[. #...........
#........... #..........#
################...........
.........#.................
#.....#..@##.............. ...
.....#..9.##..............
#...#####....).##.......[......
....#.........###..............
......[.......# ##.............
............#.###..............
............#..........#.....#=
..............(..).............
............####..............#


You could see a gargoyle.

Vanquished Creatures
  Pikel (D:7)
  An orc warrior (D:7)
  A phantom (D:4)
  A necrophage (D:7)
  A sky beast (D:7)
  A black bear (D:7)
  3 ogres
  4 giant frogs
  2 scorpions
  4 crimson imps
  2 hounds
  An orc wizard (D:4)
  A centaur skeleton (D:4)
  An iguana (D:4)
  2 worker ants
  4 gnolls (D:5)
  6 adders
  An ooze (D:2)
  2 worms
  4 giant geckos
  12 orcs
  11 bats
  A giant cockroach (D:3)
  14 goblins
  7 hobgoblins
  3 jackals (D:5)
  11 kobolds
  4 quokkas
  4 giant newts
  12 rats
122 creatures vanquished.

Vanquished Creatures (others)
  A bat (D:7)
  A jackal zombie (D:7)
2 creatures vanquished.

Grand Total: 124 creatures vanquished

Notes
Turn   | Place    | Note
--------------------------------------------------------------
     0 | D:1      | nono the Merfolk Fighter began the quest for the Orb.
     0 | D:1      | Reached XP level 1. HP: 18/18 MP: 1/1
   180 | D:1      | Reached skill level 4 in Polearms
   180 | D:1      | Reached XP level 2. HP: 22/24 MP: 2/2
   493 | D:2      | Reached XP level 3. HP: 29/29 MP: 3/3
   506 | D:2      | Reached skill level 5 in Polearms
   546 | D:2      | Found a faded altar to an unknown god.
   665 | D:2      | Found a glowing golden altar of the Shining One.
   882 | D:2      | Became a worshipper of the Shining One
   897 | D:2      | Reached skill level 6 in Polearms
   955 | D:2      | Reached XP level 4. HP: 3/35 MP: 4/4
  1255 | D:2      | Found a burning altar of Makhleb.
  1763 | D:3      | Reached skill level 7 in Polearms
  1763 | D:3      | Reached XP level 5. HP: 24/41 MP: 5/5
  2049 | D:3      | Found a white marble altar of Elyvilon.
  2049 | D:3      | Found a basalt altar of Yredelemnul.
  2681 | D:4      | Reached skill level 8 in Polearms
  2817 | D:4      | Reached XP level 6. HP: 43/47 MP: 6/6
  3632 | D:4      | Reached skill level 9 in Polearms
  3638 | D:4      | Found a staircase to the Ecumenical Temple.
  3805 | D:5      | Entered Level 5 of the Dungeon
  3822 | D:5      | Reached XP level 7. HP: 36/52 MP: 7/7
  3892 | D:5      | Got a transparent leather armour
  3903 | D:5      | Identified the +2 leather armour "Casela" {+Fly Int+2 SInv} (You found it on level 5 of the Dungeon)
  4646 | D:6      | Acquired the Shining One's first power
  4660 | D:6      | Reached skill level 10 in Polearms
  4806 | D:6      | Reached skill level 5 in Shields
  4830 | D:6      | Found a bloodstained altar of Trog.
  4988 | D:7      | Found an iron altar of Okawaru.
  4993 | D:7      | Found a shattered altar of Ashenzari.
  5047 | D:7      | Reached XP level 8. HP: 27/58 MP: 8/8
  5213 | D:7      | Reached skill level 11 in Polearms
  5386 | D:7      | Noticed Pikel
  5449 | D:7      | Killed Pikel
  5449 | D:7      | Reached skill level 13 in Polearms
  5553 | D:7      | Reached XP level 9. HP: 47/64 MP: 9/9
  5834 | D:7      | You fall through a shaft for 3 floors!
  5834 | D:10     | Entered Level 10 of the Dungeon
  6268 | D:10     | Noticed a gargoyle
  6293 | D:10     | HP: 3/64 [gargoyle/stone arrow (21)]
  6294 | D:10     | Killed from afar by a gargoyle

Vault maps used:
D:1:      scummos_arrival_hexagon
D:2:      lemuel_crystal_altar, ecumenical_altar_2, makhleb_blood_cavern_becter
D:3:      gammafunk_temple_overflow_elements, fiery_altar_vehumet, first_bread,
          hangedman_abyss_or_decor_stabs
D:4:      minmay_temple_entry_enclosed_plants
D:6:      trog_ov_bears_minmay
D:7:      minitemple, the_bakery, minmay_misc_feat_five, uniq_pikel
D:10:     david_orc_4

Action                   |  1- 3 |  4- 6 |  7- 9 || total
-------------------------+-------+-------+-------++-------
Melee: Trident           |   173 |   227 |   247 ||   647
  Use: Potion            |     1 |       |     2 ||     3
       Scroll            |       |       |     7 ||     7
 Stab: Sleeping          |       |     1 |     1 ||     2
  Eat: Chunk             |       |     8 |     8 ||    16
       Fruit             |       |       |     1 ||     1
